 Dungeon Crawl Stone Soup version 0.24.1-4-ge52af88ad5 (webtiles) character file.

Game seed: 8794482898516440173, levelgen mode: deterministic

30684 funkygono the Blocker (level 13, -9/80 HPs)
             Began as a Gargoyle Fighter on Apr 13, 2020.
             Was a High Priest of Okawaru.
             Killed from afar by an orc sorcerer (11 damage)
             ... with a bolt of negative energy
             ... while paralysed by an orc sorcerer
             ... on level 2 of the Orcish Mines on Apr 14, 2020.
             The game lasted 00:52:10 (18184 turns).

funkygono the Blocker (Gargoyle Fighter)           Turns: 18184, Time: 00:52:11

Health: -9/80      AC: 23    Str: 24    XL:     13   Next: 53%
Magic:  11/17      EV:  2    Int: 15    God:    Okawaru [*****.]
Gold:   1395       SH:  0    Dex: 13    Spells: 16/18 levels left

rFire    . . .     SeeInvis .   J - +8 whip "Snakebite" {curare, rPois}
rCold    + . .     Gourm    .   c - +0 shield
rNeg     + . .     Faith    .   y - +3 plate armour
rPois    ∞         Spirit   .   j - +1 helmet
rElec    +         Reflect  .   s - +0 cloak
rCorr    .         Harm     .   C - +0 pair of gloves
MR       .....                  E - +0 pair of boots
Stlth    ..........             v - amulet of rage
HPRegen  0.23/turn              i - +3 ring of protection
MPRegen  0.15/turn              I - ring "Qaagrifi" {rC+ Int+5 Dex+4}

@: paralysed, heroism, finesse, corroded, drained
A: negative energy resistance 1, electricity resistance, unbreathing,
petrification resistance, rot immunity, AC +9
a: Heroism, Finesse, Renounce Religion, Evoke Berserk Rage


You were on level 2 of the Orcish Mines.
You worshipped Okawaru.
Okawaru was extremely pleased with you.
You were not hungry.

You visited 4 branches of the dungeon, and saw 18 of its levels.

You collected 1395 gold pieces.

Inventory:

Hand Weapons
 u - a +3 whip of holy wrath
 J - the +8 whip "Snakebite" (weapon) {curare, rPois}
   (You found it on level 5 of the Lair of Beasts)

   It poisons the flesh of those it strikes.
   It protects you from poison.
 O - the +1 whip of the Unliving {protect, rElec rC- Str+2}
   (You found it on level 3 of the Lair of Beasts)

   It grants its wielder temporary protection when it strikes (+7 to AC).
   It affects your strength (+2).
   It makes you vulnerable to cold.
   It insulates you from electricity.
Missiles
 e - 499 stones (quivered)
 x - 368 bolts
Armour
 c - a +0 shield (worn)
 d - a +0 plate armour of fire resistance
 j - a +1 helmet (worn)
 s - a +0 cloak (worn)
 y - a +3 plate armour (worn)
 C - a +0 pair of gloves (worn)
 E - a +0 pair of boots (worn)
Jewellery
 a - an uncursed ring of wizardry
 b - an uncursed ring of protection from fire
 i - a +3 ring of protection (left hand)
 v - an amulet of rage (around neck)
 B - an uncursed ring of resist corrosion
 I - the ring "Qaagrifi" (right hand) {rC+ Int+5 Dex+4}
   (You acquired it on level 2 of the Lair of Beasts)

   [ring of intelligence]

   It affects your intelligence (+5).
   It affects your dexterity (+4).
   It protects you from cold.
Scrolls
 g - 4 scrolls of blinking
 k - 3 scrolls of teleportation
 l - 6 scrolls of fog
 n - 5 scrolls of identify
 t - 4 scrolls of amnesia
 F - a scroll of magic mapping
 P - 3 scrolls of remove curse
Potions
 h - a potion of flight
 m - 2 potions of lignification
 o - 6 potions of curing
 p - a potion of heal wounds
 q - 3 potions of haste
 w - a potion of berserk rage
 z - 2 potions of brilliance
 A - 5 potions of agility
 K - 2 potions of ambrosia
Comestibles
 f - 23 rations
 r - 12 chunks of flesh


   Skills:
 + Level 9.6(13.7) Fighting
 + Level 12.4(16.5) Maces & Flails
 + Level 10.0(14.2) Armour
 + Level 1.0(5.4) Stealth
 + Level 13.9(18.0) Shields
 * Level 3.1(2.5) Spellcasting
 * Level 4.8(4.2) Conjurations
 * Level 3.7(3.1) Ice Magic
 + Level 3.6(2.9) Invocations


You had 16 spell levels left.
You knew the following spells:

 Your Spells              Type           Power        Failure   Level  Hunger
a - Throw Frost           Conj/Ice       ##....       50%         2    ###....

Your spell library contained the following spells:

 Spells                   Type           Power        Failure   Level  Hunger
 Freeze                   Ice            ##..         43%         1    #......
 Sting                    Conj/Pois      #...         58%         1    #......
 Ensorcelled Hibernation  Hex/Ice        #.....       80%         2    ###....
 Animate Skeleton         Necr           N/A          87%         1    #......
 Corona                   Hex            #......      87%         1    #......
 Pain                     Necr           #...         87%         1    #......
 Dazzling Spray           Conj/Hex       #.....       91%         3    ###....
 Poisonous Vapours        Pois/Air       #.....       95%         2    ###....
 Ozocubu's Armour         Chrm/Ice       #.......     95%         3    ###....
 Mephitic Cloud           Conj/Pois/Air  #.......     96%         3    ###....
 Throw Icicle             Conj/Ice       ##......     98%         4    #####..
 Confuse                  Hex            #.......     99%         3    ###....
 Regeneration             Chrm/Necr      #.........   99%         3    ###....
 Tukima's Dance           Hex            #.......     99%         3    ###....
 Vampiric Draining        Necr           #.........   99%         3    ###....
 Animate Dead             Necr           N/A          100%        4    #####..
 Olgreb's Toxic Radiance  Pois           #.......     100%        4    #####..
 Summon Ice Beast         Ice/Summ       #.......     100%        4    #####..
 Venom Bolt               Conj/Pois      #.........   100%        5    ######.


Dungeon Overview and Level Annotations

Branches:
Dungeon (10/15)            Temple (1/1) D:7            Lair (5/6) D:8
 Shoals (0/4) Lair:2        Snake (0/4) Lair:3          Orc (2/2) D:10
    Elf (0/3) Orc:2
  Slime: Lair:5-6

Altars:
Ashenzari
Cheibriados
Dithmenos
Elyvilon
Fedhas
Gozag
Hepliaklqana
Kikubaaqudgha
Makhleb
Nemelex Xobeh
Okawaru
Qazlal
Ru
Sif Muna
Trog
Uskayaw
Vehumet
Wu Jian
Xom
Yredelemnul
Zin
The Shining One
Beogh
Jiyva

Shops:
D:8 !   D:9 [

Annotations:
D:9 2 transporters, Sassenached's ghost, novice DrWn


Innate Abilities, Weirdness & Mutations

You are resistant to torment.
Your stone body is resilient. (AC +9)
You are immune to poison.
You resist negative energy. (rN+)
You are resistant to electric shocks. (rElec)
You can survive without breathing.
You are immune to petrification.
You are immune to rotting.


Message History

The warg bites you but does no damage.
The red devil hits you but does no damage.
The orc sorcerer hits you but does no damage.
The orc sorcerer points at you and mumbles some strange words.
The bolt of negative energy hits you! You partially resist.
You feel drained.
* * * LOW HITPOINT WARNING * * *
The warg bites you.
* * * LOW HITPOINT WARNING * * *
The red devil hits you but does no damage.
The orc sorcerer hits you but does no damage.
The warg bites you!
* * * LOW HITPOINT WARNING * * *
The orc sorcerer hits you but does no damage.
The warg bites you but does no damage.
The red devil hits you from afar with a +0 trident!
* * * LOW HITPOINT WARNING * * *
The orc sorcerer hits you but does no damage.
The orc sorcerer gestures at you while chanting.
The bolt of negative energy hits you! You partially resist.
You feel drained.
You die...

........................##
..................(......#
.................(......##
................(......#...
...............(...........
..............(.............
....#..........(............
................oo.........
..# ...^....)@......^..
.........)h.......
..........§4.....
.................
.................
...$............
...............
...............


You could see a warg, 2 orc sorcerers and a red devil.

Vanquished Creatures
  4 hydras
  Urug (Lair:1)
  An unseen horror (D:7)
  Pikel (D:4)
  3 orc knights (Orc:2)
  An orc sorcerer (Orc:2)
  5 black mambas
  A centaur zombie (D:7)
  A gargoyle (D:10)
  2 spiny frogs (Lair:5)
  6 rime drakes
  4 komodo dragons
  A troll (Orc:2)
  A polar bear (Lair:2)
  14 blink frogs
  9 hippogriffs
  Sigmund (D:4)
  3 wyverns (Lair:4)
  5 basilisks (Lair:4)
  25 yaks
  A hungry ghost (D:10)
  2 wargs (Orc:2)
  8 water moccasins
  4 nagas (Lair:3)
  Duvessa (D:4)
  4 porcupines
  18 orc warriors
  2 ice beasts
  4 slaves (D:4)
  2 phantoms (D:6)
  3 sky beasts
  5 ogres
  8 centaurs
  A big kobold (D:9)
  4 crocodiles
  16 bullfrogs
  Dowan (D:4)
  8 killer bees
  2 scorpions
  7 wights (D:6)
  A vampire bat (D:6)
  A howler monkey (D:4)
  A bullfrog zombie (D:9)
  A crimson imp (D:6)
  4 hounds
  A quasit (D:5)
  14 orc priests
  A centaur skeleton (D:7)
  Crazy Yiuf (D:4)
  3 bullfrog skeletons
  5 jellies
  A gnoll shaman (D:8)
  3 iguanas
  19 orc wizards
  Jessica (D:3)
  4 worker ants
  Ijyb (D:4)
  Natasha (thrice) (D:4)
  A worker ant zombie (D:6)
  Robin (D:2)
  3 gnolls (D:8)
  10 adders
  A howler monkey skeleton (D:7)
  2 shadow imps
  5 oozes (D:10)
  2 adder skeletons
  A worm (D:5)
  3 dart slugs
  6 leopard geckos
  73 orcs
  A bat skeleton (D:6)
  5 bat zombies (D:6)
  6 giant cockroaches (D:1)
  20 goblins
  16 hobgoblins
  6 jackals
  11 kobolds
  5 quokkas
  7 bats
  5 frilled lizards
  10 rats
455 creatures vanquished.

Vanquished Creatures (others)
  2 fungi
2 creatures vanquished.

Grand Total: 457 creatures vanquished

Notes
Turn   | Place    | Note
-------+----------+-------------------------------------------
     0 | D:1      | funkygono the Gargoyle Fighter began the quest for the Orb.
     0 | D:1      | Reached XP level 1. HP: 14/14 MP: 1/1
   233 | D:1      | Reached XP level 2. HP: 16/19 MP: 2/2
   852 | D:1      | Reached XP level 3. HP: 16/23 MP: 3/3
  1156 | D:2      | Noticed Robin
  1199 | D:2      | Killed Robin
  1414 | D:2      | Reached XP level 4. HP: 29/29 MP: 4/4
  1470 | D:2      | Found a shimmering altar of Xom.
  1512 | D:2      | Found a glowing silver altar of Zin.
  1602 | D:2      | Found a radiant altar of Vehumet.
  1944 | D:2      | Reached skill level 4 in Shields
  2412 | D:3      | Reached XP level 5. HP: 31/33 MP: 5/5
  2809 | D:3      | Noticed Jessica
  2812 | D:3      | Killed Jessica
  3349 | D:4      | Found a sacrificial altar of Ru.
  3417 | D:4      | Noticed Sigmund
  3432 | D:4      | Killed Sigmund
  3432 | D:4      | Reached XP level 6. HP: 24/38 MP: 6/6
  3562 | D:4      | Found a glowing golden altar of the Shining One.
  3567 | D:4      | Noticed a slave
  3568 | D:4      | Noticed a slave
  3568 | D:4      | Noticed a slave
  3604 | D:4      | Reached skill level 5 in Maces & Flails
  3612 | D:4      | Killed a slave
  3643 | D:4      | Killed a slave
  3859 | D:4      | Reached skill level 5 in Shields
  3866 | D:4      | Reached XP level 7. HP: 17/43 MP: 7/7
  4064 | D:4      | Found a runed translucent door.
  4065 | D:4      | Noticed Crazy Yiuf
  4079 | D:4      | Killed Crazy Yiuf
  4107 | D:4      | Noticed Duvessa
  4108 | D:4      | Noticed Dowan
  4128 | D:4      | Killed Duvessa
  4141 | D:4      | Killed Dowan
  4141 | D:4      | Reached skill level 5 in Armour
  4222 | D:4      | Noticed Ijyb
  4239 | D:4      | Killed Ijyb
  4240 | D:4      | Found an iron altar of Okawaru.
  4248 | D:4      | Found a basalt altar of Yredelemnul.
  4250 | D:4      | Became a worshipper of Warmaster Okawaru
  4327 | D:4      | Noticed Pikel
  4360 | D:4      | Killed Pikel
  4360 | D:4      | Reached * piety under Okawaru
  4360 | D:4      | Reached skill level 6 in Shields
  4360 | D:4      | Reached XP level 8. HP: 25/48 MP: 8/8
  4659 | D:4      | Noticed Natasha
  4686 | D:4      | Found a snail-covered altar of Cheibriados.
  5144 | D:5      | Entered Level 5 of the Dungeon
  5331 | D:5      | Reached skill level 5 in Fighting
  5595 | D:5      | Reached skill level 7 in Shields
  5599 | D:5      | Reached XP level 9. HP: 28/54 MP: 6/9
  6119 | D:4      | Killed Natasha
  6292 | D:4      | Noticed Natasha
  6304 | D:4      | Killed Natasha
  6349 | D:4      | Noticed Natasha
  6366 | D:4      | Killed Natasha
  6515 | D:6      | Found an iron altar of Okawaru.
  6576 | D:6      | Reached ** piety under Okawaru
  6804 | D:6      | Reached skill level 8 in Shields
  7173 | D:6      | Found an ancient bone altar of Kikubaaqudgha.
  7640 | D:7      | Reached skill level 9 in Shields
  7786 | D:7      | Got an ichor-stained falchion
  7892 | D:7      | Found a staircase to the Ecumenical Temple.
  7906 | D:7      | Reached XP level 10. HP: 41/60 MP: 10/10
  7933 | Temple   | Entered the Ecumenical Temple
  8108 | D:7      | Reached *** piety under Okawaru
  8108 | D:7      | Reached skill level 1 in Stealth
  8137 | D:7      | Found a white marble altar of Elyvilon.
  8563 | D:7      | Killed an unseen horror
  8661 | D:7      | Identified the +7 falchion of Nadghuge {slice, rF+} (You
                  | found it on level 7 of the Dungeon)
  8717 | D:8      | Found a staircase to the Lair.
  8846 | D:8      | Reached skill level 1 in Invocations
  9015 | D:8      | Found Danabuudgh's Distillery.
  9467 | D:9      | Noticed a +0 dagger
  9467 | D:9      | Noticed a +0 hand axe
  9486 | D:9      | Reached skill level 10 in Shields
  9693 | D:9      | Noticed a four-headed hydra
  9731 | D:9      | Found a transporter.
  9734 | D:9      | Noticed a moth of wrath
  9735 | D:9      | Noticed Sassenached's ghost (novice DrWn)
  9747 | D:9      | Found a transporter.
  9877 | D:9      | Reached skill level 10 in Maces & Flails
  9897 | D:9      | Found Duogh's Antique Armour Shoppe.
 10036 | D:9      | Found a hide-covered altar of Uskayaw.
 10174 | D:9      | Learned a level 2 spell: Throw Frost
 10204 | D:10     | Entered Level 10 of the Dungeon
 10315 | D:10     | Found a staircase to the Orcish Mines.
 10394 | D:10     | Noticed a gargoyle
 10432 | D:10     | Killed a gargoyle
 10493 | D:10     | Reached **** piety under Okawaru
 10743 | D:10     | Reached XP level 11. HP: 57/66 MP: 12/12
 10746 | D:10     | Found a roughly hewn altar of Beogh.
 11301 | D:10     | Reached skill level 11 in Shields
 11462 | Lair:1   | Entered Level 1 of the Lair of Beasts
 11589 | Lair:1   | Reached ***** piety under Okawaru
 12000 | Lair:1   | Noticed Urug
 12056 | Lair:1   | Killed Urug
 12123 | Lair:1   | Reached skill level 1 in Conjurations
 12817 | Lair:2   | Got a shimmering robe
 12867 | Lair:2   | Reached skill level 1 in Spellcasting
 12867 | Lair:2   | Reached skill level 1 in Ice Magic
 12892 | Lair:2   | Found a staircase to the Shoals.
 12945 | Lair:2   | Received a gift from Okawaru
 13589 | Lair:2   | Identified the +2 robe "Zenemp" {rPois Str-5 Dex+3} (You
                  | found it on level 2 of the Lair of Beasts)
 13590 | Lair:2   | Identified a scroll of acquirement
 13593 | Lair:2   | Got a flickering brass ring
 13595 | Lair:2   | Identified the ring "Qaagrifi" {rC+ Int+5 Dex+4} (You
                  | acquired it on level 2 of the Lair of Beasts)
 13670 | Lair:3   | Reached XP level 12. HP: 31/73 MP: 14/14
 13914 | Lair:3   | Found a staircase to the Snake Pit.
 14165 | Lair:3   | Got a distressingly furry chain mail
 14183 | Lair:3   | Received a gift from Okawaru
 14199 | Lair:3   | Identified the +5 chain mail of Boczorix {+Fly} (You found
                  | it on level 3 of the Lair of Beasts)
 14237 | Lair:3   | Got a polished whip
 14238 | Lair:3   | Identified the cursed +1 whip of the Unliving {protect,
                  | rElec rC- Str+2} (You found it on level 3 of the Lair of
                  | Beasts)
 14799 | Lair:3   | Found an iron altar of Okawaru.
 14861 | Lair:3   | Reached skill level 12 in Shields
 15161 | Lair:4   | Noticed a five-headed hydra
 15189 | Lair:4   | Killed a five-headed hydra
 15268 | Lair:4   | Noticed a five-headed hydra
 15292 | Lair:4   | Killed a five-headed hydra
 15532 | Lair:4   | Noticed a five-headed hydra
 15549 | Lair:4   | Killed a five-headed hydra
 15606 | Lair:4   | Received a gift from Okawaru
 15954 | Lair:4   | Reached XP level 13. HP: 80/80 MP: 14/16
 15965 | Lair:4   | Reached skill level 13 in Shields
 16973 | Lair:5   | Found the +8 whip "Snakebite" {curare, rPois}
 17364 | Orc:1    | Entered Level 1 of the Orcish Mines
 17459 | Orc:2    | Entered Level 2 of the Orcish Mines
 17760 | Orc:2    | Reached skill level 10 in Armour
 18016 | Orc:2    | Found a staircase to the Elven Halls.
 18158 | Orc:2    | Paralysed by an orc sorcerer for 5 turns
 18181 | Orc:2    | Paralysed by an orc sorcerer for 4 turns
 18184 | Orc:2    | HP: 2/80 [red devil/+0 trident[an orc sorcerer] (7)]
 18184 | Orc:2    | Killed from afar by an orc sorcerer

Levels and vault maps discovered:
D:1:      nicolae_arrival_memento_mori, layout_basic, minmay_worlds_worst_comb
D:2:      cheibrodos_greedy_goblins, layout_basic, overflow_temple_1_default,
          nicolae_overflow_crystal_walls, xom_teletrap_fun, first_ration,
          minmay_misc_feat_encased, minmay_misc_feat_alley, uniq_robin
D:3:      layout_basic, uniq_jessica
D:4:      layout_basic, nicolae_overflow_hidden_temple,
          overflow_temple_1_default, lemuel_round_altar,
          grunt_temple_overflow_open, uniq_sigmund, uniq_crazy_yiuf_cottage,
          uniq_pikel, uniq_duvessa, uniq_ijyb, uniq_natasha
D:5:      layout_layer_cave
D:6:      layout_basic, kennysheep_vampire_church, st_stairs_5, okawaru_trees_1
D:7:      layout_loops_ring, elyvilon_altar_1, temple_fountains,
          minmay_stone_trees_small
D:8:      layout_loops_ring, lair_entry_dummy, serial_shops, shop
D:9:      layout_roguey, dancing_weapons_uskayaw,
          gammafunk_ghost_berserking_beasts, serial_shops,
          nicolae_shop_overgrown_old_shop
D:10:     layout_roguey, orc_0_dummy, special_room [special_room_orc],
          hangedman_little_slice_of_home
Temple:   pf_slimified_temple
Lair:1:   layout_gridlike, uniq_urug
Lair:2:   layout_regular_city, elwin_shoals_entry_rocks
Lair:3:   layout_regular_city, guppyfry_snake_entry_island, basic_altar
Lair:4:   layout_gridlike, special_room [special_room_mythical_zoo]
Lair:5:   minmay_guarded_unrand_snakebite, layout_big_grid
Orc:1:    layout_diamond_mine, basic_altar, uniq_snorg
Orc:2:    st_orc_rangers, layout_diamond_mine, portal_ice_cave_entry_pillars_1

Skill      XL: |  1  2  3  4  5  6  7  8  9 10 11 12 13 |
---------------+----------------------------------------+-----
Maces & Flails | 3 4 5 6 7 8 10 11 12 | 12.4
Shields        | 4 5 6 7 9 10 11 12 13 | 13.9
Fighting       | 4 5 6 8 9 |  9.6
Armour         | 4 6 7 8 9 10 | 10.0
Stealth        | 1 |  1.0
Invocations    | 1 3 |  3.6
Conjurations   | 2 3 4 |  4.8
Spellcasting   | 1 2 3 |  3.1
Ice Magic      | 1 2 3 |  3.7

Action                   |  1- 3 |  4- 6 |  7- 9 | 10-12 | 13-15 || total
-------------------------+-------+-------+-------+-------+-------++-------
Melee: Flail             |   133 |   198 |       |       |       ||   331
       Whip              |       |    93 |   689 |  1813 |   488 ||  3083
Invok: Heroism           |       |       |     7 |    24 |     7 ||    38
       Finesse           |       |       |       |     2 |     5 ||     7
  Use: Scroll            |     4 |    11 |     5 |    10 |       ||    30
       Potion            |       |     1 |       |     3 |       ||     4
  Eat: Chunk             |     2 |     8 |    14 |    19 |     4 ||    47
       Ration            |       |       |       |     3 |     1 ||     4
Armor: Scale mail        |    70 |   149 |   205 |       |       ||   424
       Plate armour      |       |       |   120 |   659 |   168 ||   947
Dodge: Dodged            |    35 |    78 |   176 |   267 |    66 ||   622
Block: Shield            |    81 |   157 |   350 |   711 |   242 ||  1541
